 Dungeon Crawl Stone Soup version 0.28.0-53-g5a82cb258f (webtiles) character file.

Game seed: 331630164969405105

160735 mortz the Destroyer (level 16, -1/113 HPs)
             Began as a Demigod Conjurer on July 13, 2022.
             Killed from afar by Azrael (31 damage)
             ... with damnation
             ... on level 1 of the Snake Pit on July 15, 2022.
             The game lasted 05:26:29 (51228 turns).

mortz the Destroyer (Demigod Conjurer)             Turns: 51228, Time: 05:26:29

Health: -1/113     AC: 21    Str: 12    XL:     16   Next: 63%
Magic:  3/39       EV: 12    Int: 42    God:
Gold:   251        SH:  8    Dex: 15    Spells: 2/42 levels left

rFire   . . .      SeeInvis .   b - +8 morningstar of Tumult {pain, rElec rPois Dex+3 Stlth+, mace}
rCold   . . .      Faith    .   d - +0 kite shield
rNeg    . . .      Spirit   .   V - +0 troll leather armour
rPois   +          Reflect  .   D - +2 hat {Will+}
rElec   +          Harm     .   M - +1 cloak
rCorr   .          Rampage  .   L - +3 pair of gauntlets of War {Slay+5}
Will    ++...                   n - +2 pair of boots
Stlth   ++++......              W - amulet of regeneration {@e2}
HPRegen 1.88/turn               G - +6 ring of intelligence
MPRegen 0.26/turn               m - +4 ring of protection

@: very slightly contaminated, studying Armour
A: high MP 1, forlorn, divine attributes
a: no special abilities


You were on level 1 of the Snake Pit.
You visited 4 branches of the dungeon, and saw 24 of its levels.
You also visited: Ossuary.

You collected 3604 gold pieces.
You spent 3353 gold pieces at shops.


Innate Abilities, Weirdness & Mutations

You have an increased reservoir of magic. (+10% MP)
You shall have no god before yourself.
Your divine heritage dramatically boosts your attributes as you level up.


   Skills:
 + Level 2.8 Fighting
 + Level 1.3(1.6) Maces & Flails
 + Level 1.1(1.4) Staves
 + Level 6.8 Armour
 + Level 5.2 Dodging
 + Level 4.7 Stealth
 + Level 1.4 Shields
 + Level 13.8 Spellcasting
 + Level 14.5 Conjurations
 + Level 0.1 Hexes
 + Level 9.0 Translocations
 + Level 0.4 Transmutations
 * Level 10.6 Fire Magic
 + Level 6.1 Air Magic
 + Level 6.9 Poison Magic
 + Level 1.6 Evocations


You had 2 spell levels left.
You knew the following spells:

 Your Spells              Type           Power      Damage    Failure   Level
a - Magic Dart            Conj           100%       1d8       0%          1
b - Airstrike             Air            34%        N/A       3%          4
c - Iskenderun's Mystic   Conj/Tloc      91%        2d18      1%          4
d - Apportation           Tloc           100%       N/A       1%          1
e - Poisonous Vapours     Pois/Air       100%       N/A       1%          2
f - Fireball              Conj/Fire      47%        3d19      1%          5
h - Flame Wave            Conj/Fire      94%        2d16      1%          4
i - Mephitic Cloud        Conj/Pois/Air  82%        N/A       1%          3
j - Ignite Poison         Fire/Tmut/Pois 68%        N/A       1%          3
k - Olgreb's Toxic Radia  Pois           72%        N/A       2%          4
l - Fulminant Prism       Conj/Hex       37%        3d18      2%          4
m - Freezing Cloud        Conj/Ice/Air   36%        6-21      7%          5

Your spell library contained the following spells:

 Spells                   Type           Power      Damage    Failure   Level
 Searing Ray              Conj           100%       2d8       0%          2
 Corpse Rot               Necr/Air       100%       N/A       1%          2
 Scorch                   Fire           100%       2d10      1%          2
 Ensorcelled Hibernation  Hex/Ice        58%        N/A       6%          2
 Dazzling Flash           Conj/Hex       100%       N/A       1%          3
 Lightning Bolt           Conj/Air       43%        1d62      1%          5
 Spider Form              Tmut/Pois      56%        N/A       3%          3
 Starburst                Conj/Fire      47%        6d13      3%          6
 Summon Lightning Spire   Summ/Air       53%        N/A       12%         4
 Confusing Touch          Hex            29%        N/A       13%         3
 Alistair's Intoxication  Tmut/Pois      37%        N/A       26%         5
 Anguish                  Hex/Necr       14%        N/A       38%         4
 Leda's Liquefaction      Hex/Erth       14%        N/A       38%         4
 Yara's Violent Unravell  Hex/Tmut       15%        3d8       73%         5
 Lee's Rapid Deconstruct  Erth           14%        3d10*     77%         5
 Ignition                 Fire           43%        3d13      98%         8
 Statue Form              Tmut/Erth      20%        N/A       99%         6
 Summon Cactus Giant      Summ           14%        N/A       100%        6
 Enfeeble                 Hex            14%        N/A       100%        7
 Ozocubu's Refrigeration  Ice            14%        4d7       100%        7

Inventory:

Hand Weapons
 b - the +8 morningstar of Tumult (weapon) {pain, rElec rPois Dex+3 Stlth+, mace}
   (You acquired it on level 1 of the Lair of Beasts)

   In the hands of one skilled in necromantic magic, it inflicts extra damage on
   living creatures.
   Dex:       It affects your dexterity (+3).
   rElec:     It insulates you from electricity.
   rPois:     It protects you from poison.
   Stlth:     It makes you more stealthy.
 i - a +2 demon trident of venom {polearm}
   (You found it on level 1 of the Snake Pit)
 C - a +3 scimitar of flaming {long}
   (You took it off an efreet on level 14 of the Dungeon)
 E - the +1 quarterstaff of Conflict {vorpal, rCorr Str+4, staff}
   (You took it off an orc on level 7 of the Dungeon)

   It inflicts extra damage upon your enemies.
   Str:       It affects your strength (+4).
   rCorr:     It protects you from acid and corrosion.
 Z - a +5 long sword of protection {long}
   (You took it off a wight on level 7 of the Dungeon)
Armour
 d - a +0 kite shield (worn)
   (You took it off a gnoll sergeant on level 8 of the Dungeon)
 h - a +2 robe of cold resistance
   (You took it off Fannar on level 3 of the Lair of Beasts)
 n - a +2 pair of boots (worn)
   (You found it on level 5 of the Dungeon)
 z - +0 acid dragon scales
   (You found it on level 9 of the Dungeon)
 D - a +2 hat of willpower (worn)
   (You found it on level 7 of the Dungeon)
 L - the +3 pair of gauntlets of War (worn) {Slay+5}
   (You acquired it on level 11 of the Dungeon)

   Slay:      It affects your accuracy & damage with ranged weapons and melee
   (+5).
 M - a +1 cloak (worn)
   (You found it on level 8 of the Dungeon)
 S - a +0 scale mail of fire resistance
   (You found it on level 12 of the Dungeon)
 V - a +0 troll leather armour (worn)
   (You found it on level 11 of the Dungeon)
Magical Staves
 a - a staff of conjuration {!a@e2staff}
   (You acquired it on level 14 of the Dungeon)
 f - a staff of fire {!astaff}
   (You found it on level 2 of the Lair of Beasts)
Jewellery
 m - a +4 ring of protection (right hand)
   (You found it on level 3 of the Dungeon)
 G - a +6 ring of intelligence (left hand)
   (You bought it in a shop on level 15 of the Dungeon)
 W - an amulet of regeneration (around neck) {@e2}
   (You found it on level 1 of the Lair of Beasts)
Wands
 j - a wand of acid (2)
   (You found it on level 6 of the Lair of Beasts)
 k - a wand of flame (13)
   (You found it on level 4 of the Dungeon)
 x - a wand of mindburst (9)
   (You found it on level 6 of the Lair of Beasts)
 A - a wand of charming (11)
   (You found it on level 9 of the Dungeon)
 J - a wand of iceblast (17)
   (You took it off a gnoll on level 8 of the Dungeon)
 K - a wand of paralysis (17)
   (You took it off a kobold on level 8 of the Dungeon)
 O - a wand of polymorph (13)
   (You took it off a centaur on level 8 of the Dungeon)
 Y - a wand of digging (6)
   (You found it on level 2 of the Lair of Beasts)
Scrolls
 t - 8 scrolls of teleportation {@r4}
 u - 3 scrolls of fear
 w - 3 scrolls of fog
 F - a scroll of summoning
 I - a scroll of holy word
 Q - 2 scrolls of enchant weapon
 R - 5 scrolls of immolation {!r!r}
 T - a scroll of magic mapping {!r}
Potions
 c - 3 potions of invisibility
 e - 7 potions of haste {@q3}
 g - 3 potions of resistance
 l - 5 potions of heal wounds {@q2}
 o - 4 potions of magic
 q - a potion of attraction {!q}
 r - 5 potions of mutation {!q}
 s - 8 potions of curing {@q1}
 v - 2 potions of might
 y - a potion of cancellation
 B - 2 potions of lignification {!q}
 N - 2 potions of flight
 U - 3 potions of ambrosia
 X - 2 potions of brilliance
Miscellaneous
 H - a tin of tremorstones (2/2) {throwing}
   (You found it on level 6 of the Lair of Beasts)
 P - a phial of floods
   (You found it on level 6 of the Lair of Beasts)

Dungeon Overview and Level Annotations

Branches:
Dungeon (15/15)            Temple (0/1) D:4            Lair (6/6) D:11
 Shoals (0/4) Lair:2        Snake (1/4) Lair:3        Slime (0/5) Lair:6
    Orc (2/2) D:9             Elf (0/3) Orc:2        Vaults (0/5) D:13
 Depths (0/4) D:15        Ossuary (visited)

Shops:
D:15 *(=(:   Orc:1 !*   Orc:2 :([(*   Snake:1 =:=

Annotations:
D:9 1 runed translucent door, exclusion: orange crystal statue
D:12 1 runed translucent door, osoart's ghost, journeyman DsGl
Snake:1 Azrael

#...# ##................). ##..##
#....[..............
##....########......##...........
...#.......##.......###..........
#..............○....# #..........
##...#####..........# #..........
#..#######....R....# #..........
##..##!≈!≈###.......# #.)....).(.
#...#!!!!!≈#○☼.§@...# #..........
##.!#!≈≈!≈!!≈☼§.....# #..........
#..#!!!!!§#'§..##### #.......)..
#..##!≈!≈###○..#######...)......
#..#######......................
##..#####.......................
##..)..)......[.................
##......................)........
#..........##############.<....."


You could see Azrael.


Message History

You lost 3 mp, and now have 28/39 mp.
Casting: Airstrike (mildly dangerous; 3% risk of failure)
Confirm with . or Enter, or press ? or * to list all spells.
Aiming: Airstrike (mildly dangerous; 3% risk of failure)
Press: ? - help, Dir - move target, f/p - Azrael
Aim: Azrael, wielding a +2 scimitar of flaming (moderately wounded, empty space bonus: 8/8)
The air twists around and strikes Azrael!
Azrael gestures at you. The bolt of fire hits you!!
* * * LOW HITPOINT WARNING * * *
😨 HP[-21] MP[-4]
You take 21 damage, and now have 55/113 hp.
You lost 4 mp, and now have 24/39 mp.
Casting: Airstrike (mildly dangerous; 3% risk of failure)
Confirm with . or Enter, or press ? or * to list all spells.
Aiming: Airstrike (mildly dangerous; 3% risk of failure)
Press: ? - help, Dir - move target, f/p - Azrael
Aim: Azrael, wielding a +2 scimitar of flaming (heavily wounded, empty space bonus: 8/8)
The air twists around and strikes Azrael!
Azrael gestures at you.
The fireball explodes!
The fireball engulfs you!
* * * LOW HITPOINT WARNING * * *
😨 HP[-6] MP[-4]
You take 6 damage, and now have 49/113 hp.
You lost 4 mp, and now have 20/39 mp.
Casting: Airstrike (mildly dangerous; 3% risk of failure)
Confirm with . or Enter, or press ? or * to list all spells.
Aiming: Airstrike (mildly dangerous; 3% risk of failure)
Press: ? - help, Dir - move target, f/p - Azrael
Aim: Azrael, wielding a +2 scimitar of flaming (heavily wounded, empty space bonus: 8/8)
The air twists around and strikes Azrael! 😨 HP[+2] MP[-4]
You regained 2 hp, and now have 51/113 hp.
You lost 4 mp, and now have 16/39 mp.
Casting: Airstrike (mildly dangerous; 3% risk of failure)
Confirm with . or Enter, or press ? or * to list all spells.
Aiming: Airstrike (mildly dangerous; 3% risk of failure)
Press: ? - help, Dir - move target, f/p - Azrael
Aim: Azrael, wielding a +2 scimitar of flaming (severely wounded, empty space bonus: 8/8)
The air twists around and strikes Azrael! 😨 HP[+2] MP[-3]
You regained 2 hp, and now have 53/113 hp.
You lost 3 mp, and now have 13/39 mp.
Casting: Airstrike (mildly dangerous; 3% risk of failure)
Confirm with . or Enter, or press ? or * to list all spells.
Aiming: Airstrike (mildly dangerous; 3% risk of failure)
Press: ? - help, Dir - move target, f/p - Azrael
Aim: Azrael, wielding a +2 scimitar of flaming (severely wounded, empty space bonus: 8/8)
The air twists around and strikes Azrael!
Azrael gestures at you.
The sphere of damnation explodes!
The damnation engulfs you!
* * * LOW HITPOINT WARNING * * *
😨 HP[-14] MP[-4]
You take 14 damage, and now have 39/113 hp.
You lost 4 mp, and now have 9/39 mp.
Casting: Airstrike (mildly dangerous; 3% risk of failure)
Confirm with . or Enter, or press ? or * to list all spells.
Aiming: Airstrike (mildly dangerous; 3% risk of failure)
Press: ? - help, Dir - move target, f/p - Azrael
Aim: Azrael, wielding a +2 scimitar of flaming (almost dead, empty space bonus: 8/8)
You miscast Airstrike.
You are very lightly contaminated with residual magic.
Nothing appears to happen.
Azrael gestures at you.
The sphere of damnation explodes!
The damnation engulfs you!!
* * * LOW HITPOINT WARNING * * *
😱 HP[-18] MP[-4]
You take 18 damage, and now have 21/113 hp.
You lost 4 mp, and now have 5/39 mp.
Casting: Airstrike (mildly dangerous; 3% risk of failure)
Confirm with . or Enter, or press ? or * to list all spells.
Aiming: Airstrike (mildly dangerous; 3% risk of failure)
Press: ? - help, Dir - move target, f/p - Azrael
Aim: Azrael, wielding a +2 scimitar of flaming (almost dead, empty space bonus: 8/8)
The air twists around and strikes Azrael!
Azrael grins and asks, "Are you inflammable?"
Azrael gestures at you.
The sphere of damnation explodes!
The damnation engulfs you!!
* * * LOW HITPOINT WARNING * * *
😱 HP[-20] MP[-4]
You take 20 damage, and now have 1/113 hp.
You lost 4 mp, and now have 1/39 mp.
Okay, then.
Okay, then.
You feel much better. 😨 HP[+28] MP[+1]
You regained 28 hp, and now have 29/113 hp. 😨 HP[+1] 😨 HP[+2]
You regained 2 hp, and now have 32/113 hp.
Azrael gestures at you.
The sphere of damnation explodes!
The damnation engulfs you!!
* * * LOW HITPOINT WARNING * * *
😱 HP[-29]
You take 29 damage, and now have 3/113 hp.
MASSIVE DAMAGE!! (PAUSE)
You feel much better. Azrael gestures at you.
The sphere of damnation explodes!
The damnation engulfs you!!
You die...

Skill      XL: |  1  2  3  4  5  6  7  8  9 10 11 12 13 14 15 16 |
---------------+-------------------------------------------------+-----
Conjurations   | 4 5 6 7 8 9 11 12 13 14 | 14.5
Stealth        | 2 3 4 |  4.7
Spellcasting   | 2 3 4 5 6 7 8 10 11 12 13 | 13.8
Dodging        | 2 3 4 5 |  5.2
Translocations | 1 2 3 4 5 6 7 8 9 |  9.0
Fire Magic     | 2 3 4 6 7 8 9 10 | 10.6
Armour         | 1 2 4 5 6 |  6.8
Fighting       | 1 2 |  2.8
Evocations     | 1 |  1.6
Staves         | 1 |  1.1
Air Magic      | 1 2 4 6 |  6.1
Poison Magic   | 1 2 5 6 |  6.9
Maces & Flails | 1 |  1.3
Shields        | 1 |  1.4
Hexes          | |  0.1
Transmutations | |  0.4

Action                   |  1- 3 |  4- 6 |  7- 9 | 10-12 | 13-15 | 16-18 || total
-------------------------+-------+-------+-------+-------+-------+-------++-------
Melee: Quarterstaff      |       |       |     4 |     8 |       |       ||    12
       Morningstar       |       |       |       |    11 |    18 |    11 ||    40
       Punch             |       |       |       |       |     1 |       ||     1
 Cast: Magic Dart        |    68 |    49 |    88 |   191 |   209 |    16 ||   621
       Searing Ray       |     1 |    33 |    84 |   134 |   136 |     4 ||   392
       Iskenderun's Myst |       |       |    16 |   186 |   317 |    68 ||   587
       Apportation       |       |       |       |     1 |       |     1 ||     2
       Poisonous Vapours |       |       |       |    32 |   183 |    27 ||   242
       Fireball          |       |       |       |    27 |    48 |    55 ||   130
       Mephitic Cloud    |       |       |       |       |     9 |     2 ||    11
       Ignite Poison     |       |       |       |       |     7 |       ||     7
       Fulminant Prism   |       |       |       |       |    12 |       ||    12
       Olgreb's Toxic Ra |       |       |       |       |     1 |       ||     1
       Airstrike         |       |       |       |       |       |   140 ||   140
       Freezing Cloud    |       |       |       |       |       |     4 ||     4
Evoke: Wand              |       |     3 |       |     6 |     1 |       ||    10
  Use: Scroll            |     8 |     3 |    10 |    13 |    10 |     4 ||    48
       Potion            |       |       |       |       |     1 |     2 ||     3
Armor: Robe              |     2 |    14 |       |       |       |       ||    16
       Ring mail         |       |     4 |    52 |    10 |       |       ||    66
       Steam dragon scal |       |       |       |    24 |       |       ||    24
       Acid dragon scale |       |       |       |     1 |       |       ||     1
       Troll leather arm |       |       |       |    54 |   125 |    37 ||   216
Dodge: Dodged            |     5 |    23 |    56 |   147 |   173 |    49 ||   453
Block: Kite shield       |       |       |       |       |    27 |    38 ||    65

Levels and vault maps discovered:
D:1:      dpeg_arrival_prison, layout_rooms
D:2:      layout_loops_corners, ebering_ecumenical_altar_sacrificial
D:3:      layout_basic, nicolae_overflow_hidden_temple,
          nicolae_overflow_crystal_walls, chequers_serial_rivers_small_3,
          uniq_jessica, uniq_sigmund
D:4:      layout_basic, minmay_temple_entry_gardened_gates, enter_ossuary_4
D:5:      black_bear_nest_2, layout_basic, serial_bayou_pond_b
D:6:      layout_rooms, mainiacjoe_overflow_large_starburst,
          minmay_misc_feat_secret_circle, minmay_misc_feat_square,
          pf_guarded_unrand_meek
D:7:      layout_cave_pods, uniq_menkaure
D:8:      kennysheep_housing_project, layout_gridville
D:9:      layout_layer_cave, kennysheep_orc_monster_closet_entryway,
          chequers_guarded_unrand_ignorance
D:10:     layout_gridville, uniq_grum
D:11:     layout_stronghold, erik_lair_orcish_takeover
D:12:     layout_cave_pools, ebering_ghost_xom, led_xom_imps, uniq_sonja
D:13:     layout_stronghold, david_vaults_5, pf_eden, uniq_urug
D:14:     layout_cave_pods, hangedman_decor_cross_pass
D:15:     gammafunk_enter_depths_forms, layout_loops_ring, serial_shops,
          nicolae_shop_stone, nicolae_shop_advertising_works
          [nicolae_subvault_shop_adworks], shop, nicolae_shop_hallway_plus,
          nicolae_diamond_shop, nicolae_hepliaklqana_hippocampus,
          kiku_gazebo_pond_becter, uniq_kirke
Lair:1:   layout_gridlike, gammafunk_ghost_icy
Lair:2:   beast_lair_carwin_large_2, layout_regular_city,
          minmay_shoals_entry_hut, minivault_11
Lair:3:   layout_gridlike, minmay_snake_entry_guardpost_small,
          amcnicky_mini_pool_medium, uniq_fannar
Lair:4:   layout_long_grid, nicolae_lair_time_for_slime
Lair:5:   layout_loops_ring, ebering_ghost_xom, nicolae_lair_liquid_snakes
Lair:6:   hangedman_lair_in_review, layout_gridlike,
          hangedman_lair_caniforms_friends, slime_altar_1
Snake:1:  layout_onion_interference, hangedman_venom_bottle, minmay_shop_grove,
          uniq_azrael
Orc:1:    layout_caves, serial_shops,
          nicolae_shop_temple_entry_statues_fountains,
          nicolae_shop_overcharged_wands
Orc:2:    grunt_orc_gardens, layout_caves, grunt_orc_garden, grunt_orc_garden,
          grunt_orc_garden, grunt_orc_garden, serial_shops, nicolae_shop_trees,
          gauntlet_entry_generic

Notes
Turn   | Place    | Note
-------+----------+-------------------------------------------
     0 | D:1      | mortz the Demigod Conjurer began the quest for the Orb.
     0 | D:1      | Reached XP level 1. HP: 14/14 MP: 5/5
     0 | D:1      | magus.rc [v1.9.6]
   391 | D:1      | Reached skill level 4 in Conjurations
   446 | D:1      | Reached XP level 2. HP: 20/20 MP: 5/7
   505 | D:1      | Learned a level 2 spell: Searing Ray
   780 | D:1      | Reached skill level 2 in Stealth
  1312 | D:2      | Reached skill level 2 in Spellcasting
  1312 | D:2      | Reached XP level 3. HP: 26/26 MP: 3/8
  2015 | D:3      | Noticed Jessica
  2017 | D:3      | Killed Jessica
  2018 | D:3      | Reached XP level 4. HP: 33/33 MP: 5/10
  2267 | D:3      | Reached skill level 2 in Dodging
  2666 | D:3      | Noticed a black bear
  2941 | D:4      | Reached skill level 5 in Conjurations
  3048 | D:4      | Found a sand-covered staircase.
  3072 | Ossuary  | Entered an ossuary
  3221 | Ossuary  | Reached XP level 5. HP: 34/38 MP: 3/12
  3322 | Ossuary  | Reached skill level 3 in Spellcasting
  3886 | D:4      | Noticed an ogre
  3891 | D:4      | Killed an ogre
  3892 | D:4      | Reached XP level 6. HP: 45/45 MP: 7/14
  3963 | D:4      | Found a staircase to the Ecumenical Temple.
  4142 | D:4      | You pick up a book of Fire and begin reading...
  4142 | D:4      | You add the spells Fireball, Starburst and Ignition to your
                  | library.
  4782 | D:5      | Entered Level 5 of the Dungeon
  4786 | D:5      | Reached skill level 4 in Spellcasting
  4831 | D:5      | Reached skill level 1 in Translocations
  4846 | D:5      | Reached XP level 7. HP: 51/51 MP: 2/16
  4949 | D:5      | Reached skill level 1 in Fire Magic
  5077 | D:5      | You pick up a book of Vapours and begin reading...
  5077 | D:5      | You add the spells Poisonous Vapours and Corpse Rot to your
                  | library.
  5301 | D:5      | Reached skill level 6 in Conjurations
  5504 | D:5      | Reached skill level 1 in Armour
  5663 | D:5      | Reached skill level 2 in Translocations
  5663 | D:5      | Reached skill level 2 in Fire Magic
  5920 | D:5      | Reached XP level 8. HP: 58/58 MP: 12/18
  6381 | D:6      | Reached skill level 1 in Fighting
  6434 | D:6      | Reached skill level 3 in Dodging
  6434 | D:6      | Reached skill level 5 in Spellcasting
  6485 | D:6      | Reached skill level 2 in Armour
  6700 | D:6      | HP: 13/59 [orc warrior/+0 hand axe (5)]
  6711 | D:5      | HP: 7/59 [orc warrior/+0 hand axe (9)]
  7040 | D:6      | Reached skill level 3 in Translocations
  7040 | D:6      | Reached skill level 3 in Fire Magic
  7318 | D:6      | Found the +7 staff of the Meek {protect, meekguard}
  7455 | D:6      | Reached skill level 3 in Stealth
  7455 | D:6      | Reached skill level 7 in Conjurations
  7647 | D:6      | You pick up a book of Party Tricks and begin reading...
  7647 | D:6      | You add the spells Apportation and Alistair's Intoxication
                  | to your library.
  7923 | D:7      | Noticed Menkaure
  7930 | D:7      | Killed Menkaure
  8165 | D:7      | Identified the +1 quarterstaff of Conflict {vorpal, rCorr
                  | Str+4}
  8226 | D:7      | Reached XP level 9. HP: 58/64 MP: 15/20
  8231 | D:7      | Learned a level 4 spell: Iskenderun's Mystic Blast
  8721 | D:7      | Reached skill level 3 in Armour
  8827 | D:7      | Reached skill level 4 in Fire Magic
  9436 | D:7      | Reached skill level 4 in Translocations
  9556 | D:7      | Reached skill level 6 in Spellcasting
  9579 | D:6      | Reached skill level 8 in Conjurations
 10802 | D:8      | Reached skill level 4 in Armour
 10890 | D:8      | Reached XP level 10. HP: 72/72 MP: 5/23
 11318 | D:8      | Reached skill level 5 in Fire Magic
 12468 | D:8      | Reached skill level 7 in Spellcasting
 12468 | D:8      | Reached skill level 5 in Translocations
 12767 | D:8      | magus.rc [v1.9.6]
 12802 | D:9      | Found a runed translucent door.
 12806 | D:9      | Found the +10 tower shield of Ignorance {rN+ Int-4}
 12809 | D:9      | Noticed an orange crystal statue
 13221 | D:9      | Reached skill level 9 in Conjurations
 13419 | D:9      | Reached skill level 1 in Evocations
 14055 | D:9      | Found a staircase to the Orcish Mines.
 14064 | D:9      | Learned a level 5 spell: Fireball
 14067 | D:9      | Learned a level 2 spell: Poisonous Vapours
 14515 | D:9      | Found a runed translucent door.
 15208 | D:9      | Learned a level 1 spell: Apportation
 15266 | D:10     | Entered Level 10 of the Dungeon
 15367 | D:10     | Reached skill level 6 in Fire Magic
 15712 | D:10     | Reached XP level 11. HP: 78/78 MP: 10/26
 15855 | D:10     | Noticed Grum
 15864 | D:10     | Reached skill level 1 in Staves
 15864 | D:10     | Killed Grum
 15987 | D:10     | Noticed a two-headed ogre
 15996 | D:10     | Killed a two-headed ogre
 15997 | D:10     | Reached skill level 10 in Conjurations
 16096 | D:10     | magus.rc [v1.9.6]
 16204 | D:10     | Noticed a two-headed ogre
 16217 | D:10     | Killed a two-headed ogre
 16218 | D:10     | Reached skill level 4 in Dodging
 16753 | D:11     | Noticed a two-headed ogre
 16761 | D:11     | Killed a two-headed ogre
 16762 | D:11     | Reached skill level 8 in Spellcasting
 16770 | D:10     | magus.rc [v1.9.6]
 17332 | D:11     | Found a staircase to the Lair.
 17338 | D:11     | You pick up a book of Dreams and begin reading...
 17338 | D:11     | You add the spells Ensorcelled Hibernation, Spider Form and
                  | Anguish to your library.
 18239 | Lair:1   | Entered Level 1 of the Lair of Beasts
 18311 | Lair:1   | Noticed Ohueghuq's ghost (novice DrCA)
 18786 | Lair:1   | Reached skill level 11 in Conjurations
 18949 | Lair:1   | Found a runed translucent gate.
 18951 | Lair:1   | Found a runed translucent gate.
 18953 | Lair:1   | Found a runed translucent gate.
 19009 | Lair:1   | Reached skill level 1 in Air Magic
 19917 | Lair:1   | Reached skill level 1 in Poison Magic
 20205 | Lair:1   | Reached skill level 7 in Fire Magic
 20394 | Lair:1   | Reached skill level 4 in Stealth
 20674 | Lair:2   | Found a staircase to the Shoals.
 20879 | Lair:2   | Noticed a boulder beetle
 20896 | Lair:2   | Killed a boulder beetle
 21127 | Lair:1   | Killed Ohueghuq's ghost
 21128 | Lair:1   | Reached skill level 6 in Translocations
 21128 | Lair:1   | Reached XP level 12. HP: 84/84 MP: 0/29
 21491 | Lair:2   | You fall into a shaft and drop 2 floors!
 21506 | Lair:4   | Noticed a six-headed hydra
 21526 | Lair:3   | HP: 19/84 [poisoned by a cane toad]
 21531 | Lair:3   | HP: 16/84 [poisoned by a cane toad]
 21535 | Lair:3   | Noticed Fannar
 21536 | Lair:2   | HP: 20/84 [poisoned by a cane toad]
 21744 | Lair:2   | Reached skill level 9 in Spellcasting
 21883 | Lair:2   | You pick up a book of Party Tricks and begin reading...
 22094 | Lair:1   | Identified 2 scrolls of acquirement
 22094 | Lair:1   | Acquired 782 gold pieces
 22097 | Lair:1   | Acquired the +8 morningstar of Tumult {pain, rElec rPois
                  | Dex+3 Stlth+}
 22203 | Lair:2   | Noticed an eight-headed hydra
 22208 | Lair:2   | Killed an eight-headed hydra
 22805 | Lair:3   | Found a staircase to the Snake Pit.
 22861 | Lair:3   | Noticed a seven-headed hydra
 22875 | Lair:3   | Killed a seven-headed hydra
 23156 | Lair:3   | Noticed a seven-headed hydra
 23458 | Lair:3   | Killed Fannar
 23459 | Lair:3   | Reached skill level 12 in Conjurations
 23721 | Lair:3   | Killed a seven-headed hydra
 24109 | Lair:3   | Reached skill level 5 in Armour
 24119 | Lair:3   | Reached skill level 8 in Fire Magic
 24427 | Lair:3   | Reached skill level 2 in Fighting
 24499 | Lair:3   | magus.rc [v1.9.6]
 25023 | Lair:4   | Killed a six-headed hydra
 25218 | Lair:4   | Noticed a four-headed hydra
 25239 | Lair:4   | Killed a four-headed hydra
 25240 | Lair:4   | Reached skill level 10 in Spellcasting
 25240 | Lair:4   | Reached skill level 2 in Air Magic
 25549 | Snake:1  | Entered Level 1 of the Snake Pit
 25686 | Lair:4   | Reached XP level 13. HP: 92/92 MP: 23/32
 26287 | Lair:4   | You pick up a book of Scorching and begin reading...
 26287 | Lair:4   | You add the spells Scorch, Flame Wave and Summon Cactus
                  | Giant to your library.
 26411 | Lair:4   | Noticed a quicksilver ooze
 26495 | Lair:3   | magus.rc [v1.9.6]
 26831 | Lair:4   | Killed a quicksilver ooze
 27873 | Lair:5   | You pick up a book of Misfortune and begin reading...
 27873 | Lair:5   | You add the spells Confusing Touch, Yara's Violent
                  | Unravelling and Enfeeble to your library.
 27877 | Lair:5   | Learned a level 2 spell: Scorch
 27882 | Lair:5   | Learned a level 4 spell: Flame Wave
 27928 | Lair:5   | Reached skill level 11 in Spellcasting
 28222 | Lair:5   | Reached skill level 13 in Conjurations
 28222 | Lair:5   | Reached skill level 7 in Translocations
 28222 | Lair:5   | Reached skill level 2 in Poison Magic
 28223 | Lair:5   | Reached skill level 1 in Maces & Flails
 28332 | Lair:5   | Found a runed translucent door.
 28332 | Lair:5   | Noticed DemonSlayer's ghost (journeyman DsFE)
 28631 | Lair:4   | magus.rc [v1.9.6]
 30047 | Lair:6   | Entered Level 6 of the Lair of Beasts
 31326 | Lair:6   | Reached skill level 6 in Armour
 31633 | Lair:6   | Found a staircase to the Slime Pits.
 31832 | Lair:6   | Reached XP level 14. HP: 100/100 MP: 28/34
 32660 | Lair:6   | Reached skill level 5 in Dodging
 33139 | Lair:6   | Reached skill level 3 in Air Magic
 33223 | Lair:6   | Reached skill level 12 in Spellcasting
 33408 | Lair:6   | Reached skill level 8 in Translocations
 33412 | Lair:6   | Reached skill level 3 in Poison Magic
 34816 | Lair:5   | Killed DemonSlayer's ghost
 36432 | D:11     | Acquired the +3 pair of gauntlets of War {Slay+5}
 36432 | D:11     | Found the +3 pair of gauntlets of War {Slay+5}
 36546 | D:12     | Noticed Sonja
 36551 | D:12     | Killed Sonja
 36615 | D:12     | Found a runed translucent door.
 36616 | D:12     | Noticed osoart's ghost (journeyman DsGl)
 37473 | Orc:1    | Entered Level 1 of the Orcish Mines
 37576 | Orc:1    | Found Essuir's Overcharged Wands.
 37764 | Orc:2    | Entered Level 2 of the Orcish Mines
 37831 | Orc:2    | Reached skill level 4 in Air Magic
 38112 | Orc:2    | Found Lagirocvij's Antique Armour Emporium.
 38172 | Orc:2    | Found Joloeveo's Weapon Emporium.
 38470 | Orc:2    | Found Soizaxt's Book Emporium.
 38478 | Orc:2    | Bought a Trismegistus Codex for 364 gold pieces
 38478 | Orc:2    | You add the spells Ignite Poison, Mephitic Cloud and
                  | Freezing Cloud to your library.
 38478 | Orc:2    | Bought the Unrestrained Analects for 572 gold pieces
 38478 | Orc:2    | You add the spells Olgreb's Toxic Radiance and Ozocubu's
                  | Refrigeration to your library.
 38482 | Orc:2    | Learned a level 3 spell: Mephitic Cloud
 38486 | Orc:2    | Learned a level 3 spell: Ignite Poison
 38491 | Orc:2    | Learned a level 4 spell: Olgreb's Toxic Radiance
 38708 | Orc:2    | Reached skill level 4 in Poison Magic
 38865 | Orc:2    | Reached skill level 14 in Conjurations
 38947 | Orc:2    | Found a staircase to the Elven Halls.
 38960 | Orc:2    | Found Seewod's Antique Weapon Emporium.
 39039 | Orc:2    | Noticed an orc warlord
 39514 | Orc:2    | Killed an orc warlord
 39718 | Orc:2    | Found Owaigom's General Store.
 39727 | Orc:2    | Bought a scroll of identify for 26 gold pieces
 39727 | Orc:2    | Bought a scroll of identify for 26 gold pieces
 39732 | Orc:2    | Identified a potion of experience
 39733 | Orc:2    | Reached skill level 9 in Fire Magic
 39733 | Orc:2    | Reached skill level 5 in Poison Magic
 39733 | Orc:2    | Reached XP level 15. HP: 105/105 MP: 36/36
 40069 | Orc:1    | Found Hutacab's Distillery.
 40160 | Orc:1    | Bought a potion of heal wounds for 55 gold pieces
 40160 | Orc:1    | Bought a potion of brilliance for 44 gold pieces
 40160 | Orc:1    | Bought a potion of magic for 88 gold pieces
 40160 | Orc:1    | Bought a potion of heal wounds for 55 gold pieces
 40462 | D:13     | Noticed Urug
 40472 | D:13     | Killed Urug
 40605 | D:13     | magus.rc [v1.9.6]
 41566 | D:12     | Learned a level 4 spell: Fulminant Prism
 42418 | D:13     | You fall into a shaft and drop 1 floor!
 42986 | D:13     | Reached skill level 13 in Spellcasting
 43208 | D:13     | Reached XP level 16. HP: 111/113 MP: 9/38
 43431 | D:13     | Reached skill level 6 in Poison Magic
 43797 | D:13     | Found a gate to the Vaults.
 43928 | D:13     | Learned a level 5 spell: Freezing Cloud
 44966 | D:14     | Acquired a staff of conjuration
 45271 | D:15     | Entered Level 15 of the Dungeon
 45469 | D:15     | Found Plog's Assorted Antiques.
 45610 | D:13     | Reached skill level 10 in Fire Magic
 46154 | D:15     | Found Woyxuc's Jewellery Emporium.
 46160 | D:15     | Bought a +6 ring of intelligence for 702 gold pieces
 46607 | D:15     | Found Acius's Antique Weapon Shoppe.
 46674 | D:15     | Noticed Kirke
 46676 | D:15     | Killed Kirke
 46677 | D:15     | Reached skill level 1 in Shields
 46682 | D:15     | magus.rc [v1.9.6]
 46851 | D:15     | Found Febreok's Book Shoppe.
 46860 | D:15     | Bought a book of Storms for 608 gold pieces
 46860 | D:15     | You pick up a book of Storms and begin reading...
 46860 | D:15     | You add the spells Airstrike, Summon Lightning Spire and
                  | Lightning Bolt to your library.
 46860 | D:15     | Bought a book of the Earth for 684 gold pieces
 46860 | D:15     | You pick up a book of the Earth and begin reading...
 46860 | D:15     | You add the spells Leda's Liquefaction, Lee's Rapid
                  | Deconstruction and Statue Form to your library.
 47177 | D:15     | Bought a scroll of amnesia for 129 gold pieces
 47183 | D:15     | Learned a level 4 spell: Airstrike
 47800 | D:15     | Found a staircase to the Depths.
 47858 | D:15     | Found Tyduel's Antique Weapon Shop.
 48010 | D:15     | magus.rc [v1.9.6]
 48790 | Snake:1  | Reached skill level 5 in Air Magic
 48818 | Lair:3   | Reached skill level 9 in Translocations
 49783 | Snake:1  | Found Kogempe's Jewellery Shop.
 49783 | Snake:1  | Found Qosmug's Book Shoppe.
 49784 | Snake:1  | Found Ujibuasoni's Jewellery Shop.
 50298 | Snake:1  | Reached skill level 6 in Air Magic
 50988 | Snake:1  | Noticed Azrael
 51001 | Snake:1  | HP: 13/113 [Azrael/damnation (35)]
 51222 | Snake:1  | HP: 21/113 [Azrael/damnation (20)]
 51223 | Snake:1  | HP: 1/113 [Azrael/damnation (22)]
 51228 | Snake:1  | Killed from afar by Azrael

Vanquished Creatures
  Kirke (D:15)
  An orc warlord (Orc:2)
  A quicksilver ooze (Lair:4)
  The ghost of DemonSlayer the Thaumaturge, a journeyman DsFE of Cheibriados (Lair:5)
  Fannar (Lair:3)
  A vault guard (D:13)
  16 hydras
  A great orb of eyes (D:15)
  A naga warrior (Snake:1)
  7 boulder beetles
  An ogre mage (D:15)
  7 centaur warriors
  An anaconda (Snake:1)
  The ghost of Ohueghuq the Fighter, a novice DrCA of Ignis (Lair:1)
  9 death yaks
  2 dancing weapons
  4 catoblepae
  7 two-headed ogres
  A death knight (D:12)
  2 orc high priests (Orc:2)
  2 shock serpents (Snake:1)
  A naga sharpshooter (Snake:1)
  Sonja (D:12)
  Urug (D:13)
  A salamander mystic (Snake:1)
  6 skeletal warriors
  2 cherubim (D:13)
  2 lindwurms (Lair:6)
  A naga ritualist (Snake:1)
  3 mana vipers (Snake:1)
  4 orc knights (Orc:2)
  3 salamanders
  A deep elf pyromancer (D:13)
  2 wolf spiders
  9 ugly things
  5 manticores
  A moth of wrath (shapeshifter) (D:13)
  9 elephants
  4 cyclopes
  A guardian serpent (Snake:1)
  23 black mambas
  5 naga magi (Snake:1)
  A torpor snail (Lair:6)
  7 rime drakes
  7 cane toads
  3 kobold demonologists (D:13)
  9 komodo dragons
  An efreet (D:14)
  3 meliai (D:15)
  A wind drake (shapeshifter) (D:15)
  A queen bee (shapeshifter) (D:15)
  7 trolls
  15 polar bears
  2 hornets (Lair:6)
  13 slime creatures
  7 dream sheep (Lair:6)
  2 raiju (Lair:6)
  A meliai zombie (D:10)
  8 blink frogs
  A snapping turtle (Lair:2)
  A culicivora (shapeshifter) (D:14)
  A shadow (D:10)
  Grum (D:10)
  3 wyverns
  2 fire elementals (Snake:1)
  3 hogs (D:15)
  A steam dragon (D:9)
  4 wraiths
  5 basilisks
  Menkaure (D:7)
  49 yaks
  8 wargs
  An acid dragon (D:9)
  17 nagas
  17 hell hounds
  32 orc warriors
  13 water moccasins
  2 sky beasts (D:6)
  18 black bears
  10 ogres
  16 wolves
  A necrophage (D:8)
  11 centaurs
  10 kobold brigands
  5 gnoll sergeants
  4 scorpions
  10 bullfrogs
  A dream sheep simulacrum (Lair:1)
  9 killer bees
  5 wights (D:7)
  A howler monkey (D:12)
  3 electric eels (Lair:5)
  4 lava snakes
  4 crimson imps (D:12)
  A komodo dragon simulacrum (Lair:1)
  5 centaur zombies
  2 human zombies (Ossuary)
  13 orc priests
  3 jellies (Lair:4)
  2 water moccasin simulacra (Lair:1)
  A centaur skeleton (D:7)
  4 hounds
  A bullfrog skeleton (D:7)
  A gnoll shaman (D:8)
  Jessica (D:3)
  15 orc wizards
  An iguana (D:4)
  4 hell rats
  A killer bee zombie (D:7)
  A bullfrog simulacrum (Lair:1)
  A hound zombie (D:5)
  A hound skeleton (D:4)
  4 mummies (Ossuary)
  9 adders
  19 gnolls
  A white imp (D:7)
  An ufetubus (D:5)
  3 worms
  35 orcs
  3 ball pythons
  8 endoplasms
  4 giant cockroaches
  2 goblins (D:2)
  16 hobgoblins
  6 quokkas
  5 bats
  2 frilled lizards
  2 goblin zombies (Ossuary)
  A hobgoblin zombie (Ossuary)
  22 kobolds
  A kobold zombie (Ossuary)
  3 rats
  2 rat zombies (D:4)
722 creatures vanquished.

Vanquished Creatures (others)
  A human (D:15)
  A sky beast (D:6)
  A bush (Lair:5)
  12 fulminant prisms
  53 fungi
  113 plants
181 creatures vanquished.

Grand Total: 903 creatures vanquished

Table legend:
 A = Non-vault XP
 B = Vault XP
 C = Vault XP percentage of total XP
 D = Non-vault monster count
 E = Vault monster count
 F = Vault count percentage of total count
                 A         B        C        D         E       F
            +---------+---------+-------+---------+---------+-------
      Total |  106580 |   66858 |  38.5 |     438 |     285 |  39.4
            +---------+---------+-------+---------+---------+-------
        D:1 |      27 |       2 |   6.9 |      16 |       1 |   5.9
        D:2 |      53 |       0 |   0.0 |      11 |       0 |   0.0
        D:3 |     159 |      37 |  18.9 |      19 |       1 |   5.0
        D:4 |     323 |       2 |   0.6 |      14 |       2 |  12.5
        D:5 |    1034 |     256 |  19.8 |      20 |       4 |  16.7
        D:6 |    1959 |     105 |   5.1 |      14 |       9 |  39.1
        D:7 |    2208 |     183 |   7.7 |      34 |       1 |   2.9
        D:8 |    1251 |     935 |  42.8 |      15 |      30 |  66.7
        D:9 |    1143 |    1530 |  57.2 |      14 |      20 |  58.8
       D:10 |    4980 |     547 |   9.9 |      20 |       4 |  16.7
       D:11 |    2571 |     615 |  19.3 |      10 |       8 |  44.4
       D:12 |    5323 |     976 |  15.5 |      18 |       5 |  21.7
       D:13 |   10249 |    9104 |  47.0 |      24 |      14 |  36.8
       D:14 |    8862 |       0 |   0.0 |      17 |       0 |   0.0
       D:15 |    5588 |    6761 |  54.7 |      14 |      14 |  50.0
     Lair:1 |    3738 |    2201 |  37.1 |      19 |       9 |  32.1
     Lair:2 |    4257 |    1671 |  28.2 |      11 |       7 |  38.9
     Lair:3 |    7100 |    3437 |  32.6 |      20 |       9 |  31.0
     Lair:4 |   12455 |    2017 |  13.9 |      36 |       7 |  16.3
     Lair:5 |    9013 |    2258 |  20.0 |      18 |       9 |  33.3
     Lair:6 |    8901 |   18447 |  67.5 |      25 |      73 |  74.5
    Snake:1 |   14317 |    7370 |  34.0 |      34 |      19 |  35.8
      Orc:1 |     393 |     263 |  40.1 |       8 |       2 |  20.0
      Orc:2 |     676 |    7894 |  92.1 |       7 |      25 |  78.1
    Ossuary |       0 |     247 | 100.0 |       0 |      12 | 100.0
            +---------+---------+-------+---------+---------+-------

Illustrated notes

Table legend:
 A = Kills in this place as a percentage of kills in entire the game.
 B = Kills by you in this place as a percentage of kills by you in the entire game.
 C = Kills by friends in this place as a percentage of kills by friends in the entire game.
 D = Other kills in this place as a percentage of other kills in the entire game.
 E = Experience gained in this place as a percentage of experience gained in the entire game.
 F = Experience gained in this place divided by the number of levels of this place that you have seen.
                   A       B       C       D       E      F
               +-------+-------+-------+-------+-------+----------------------
         Total | 100.0 | 100.0 |   N/A | 100.0 | 100.0 | 6937.5
       Dungeon |  51.6 |  51.5 |   N/A | 100.0 |  38.5 | 4452.2
          Lair |  33.6 |  33.7 |   N/A |   0.0 |  43.5 | 12582.5
     Snake Pit |   7.3 |   7.3 |   N/A |   0.0 |  12.5 | 21687.0
  Orcish Mines |   5.8 |   5.8 |   N/A |   0.0 |   5.3 | 4613.0
       Ossuary |   1.7 |   1.7 |   N/A |   0.0 |   0.1 | 247.0
               +-------+-------+-------+-------+-------+----------------------

Table legend: (Time is in decaauts)
 A = Elapsed time spent in this place.
 B = Non-inter-level travel time spent in this place.
 C = Inter-level travel time spent in this place.
 D = Time resting spent in this place.
 E = Time spent auto-exploring this place.
 F = Levels seen in this place.
 G = Mean time per level.
                   A        B        C        D        E       F      G
               +--------+--------+--------+--------+--------+-----+--------+
         Total |  51403 |  48497 |   2906 |   6732 |  32576 |  25 | 2056.1 |
       Dungeon |  28028 |  26032 |   1996 |   1374 |  20637 |  15 | 1868.5 |
          Lair |  17804 |  17020 |    784 |   4306 |   9052 |   6 | 2967.3 |
     Snake Pit |   1991 |   1991 |      0 |    246 |    937 |   1 | 1991.0 |
  Orcish Mines |   2845 |   2719 |    126 |    289 |   1929 |   2 | 1422.5 |
       Ossuary |    733 |    733 |      0 |    517 |     21 |   1 |  733.0 |
               +--------+--------+--------+--------+--------+-----+--------+

Top non-repeatable levels by time:
  Lair:6: 4063 daAuts
  Lair:4: 3511 daAuts
    D:13: 3092 daAuts
  Lair:3: 2810 daAuts
  Lair:2: 2733 daAuts
     D:9: 2644 daAuts
  Lair:1: 2497 daAuts
     D:8: 2418 daAuts
    D:14: 2361 daAuts
  Lair:5: 2188 daAuts
     D:7: 2187 daAuts
    D:10: 2088 daAuts
     D:5: 2059 daAuts
 Snake:1: 1991 daAuts
    D:11: 1849 daAuts
